 Dungeon Crawl Stone Soup version 0.21-a0-528-gf531e82 (webtiles) character file.

21 Gerstahl the Skirmisher (level 2, -1/20 HPs)
             Began as a Gargoyle Monk on Dec 8, 2017.
             Slain by a worm (4 damage)
             ... on level 2 of the Dungeon.
             The game lasted 00:00:46 (731 turns).

Gerstahl the Skirmisher (Gargoyle Monk)              Turns: 731, Time: 00:00:46

Health: -1/20      AC:  4    Str: 14    XL:     2   Next: 83%
Magic:  2/2        EV: 12    Int: 10    God:
Gold:   47         SH:  0    Dex: 12    Spells: 1/1 levels left

rFire    . . .     SeeInvis .   a - +0 falchion
rCold    . . .     Gourm    .   (no shield)
rNeg     + . .     Faith    .   b - +0 robe
rPois    ∞         Spirit   .   (no helmet)
rElec    +         Reflect  .   (no cloak)
rCorr    .         Harm     .   (no gloves)
MR       .....     Rnd*Tele +   (no boots)
Stlth    ++........             (no amulet)
HPRegen  0.06/turn              j - ring of teleportation (curse)
MPRegen  0.08/turn              (no ring)

@: no status effects
A: negative energy resistance 1, electricity resistance, unbreathing,
petrification resistance, rot immunity, AC +2
a: no special abilities


You were on level 2 of the Dungeon.
You were not hungry.

You visited 1 branch of the dungeon, and saw 2 of its levels.

You collected 47 gold pieces.

Inventory:

Hand Weapons
 a - a +0 falchion (weapon)
Armour
 b - a +0 robe (worn)
Jewellery
 j - a cursed ring of teleportation (left hand)
Scrolls
 d - a scroll of blinking {unknown}
 e - a scroll of fog {unknown}
 h - a scroll of identify {unknown}
 k - a scroll of random uselessness {unknown}
Potions
 f - a potion of curing {unknown}
 g - 2 potions of degeneration {unknown}
 i - a potion of mutation {unknown}
 l - a potion of lignification {unknown}
 m - a potion of haste {unknown}
Comestibles
 c - 2 bread rations


   Skills:
 + Level 3.9 Fighting
 + Level 3.2 Long Blades
 - Level 2.4 Dodging
 - Level 2.1 Stealth


You had one spell level left.
You didn't know any spells.

Dungeon Overview and Level Annotations

Branches:
Dungeon (2/15)

Altars:


Innate Abilities, Weirdness & Mutations

You are resistant to torment.
Your stone body is resilient. (AC +2)
You are immune to poison.
You resist negative energy. (rN+)
You are resistant to electric shocks. (rElec)
You can survive without breathing.
You are immune to petrification.
You are immune to rotting.


Message History

The worm bites you!
Ouch! That really hurt!
You hit the worm.
The worm is heavily wounded.
The worm closely misses you.
You hit the worm but do no damage.
The worm is heavily wounded.
You barely miss the worm.
The worm is heavily wounded.
The worm barely misses you.
You barely miss the worm.
The worm is heavily wounded.
The worm bites you!
* * * LOW HITPOINT WARNING * * *
You hit the worm.
The worm is severely wounded.
You barely miss the worm.
The worm is severely wounded.
The worm bites you.
You die...

##############
########.....@w......
#........############
#.#######........#
#.#.# #........#
#.#.## #........#
#....## #.....#####
##....# #..####
#.##.###..##
#.##.....#


You could see a worm.

Vanquished Creatures
  2 dart slugs (D:2)
  4 bats (D:1)
  A giant cockroach (D:1)
  A goblin (D:1)
  2 hobgoblins
  2 kobolds (D:1)
  A quokka (D:2)
  A frilled lizard (D:1)
  A rat (D:2)
15 creatures vanquished.

Notes
Turn   | Place    | Note
-------+----------+-------------------------------------------
     0 | D:1      | Gerstahl the Gargoyle Monk began the quest for the Orb.
     0 | D:1      | Reached XP level 1. HP: 14/14 MP: 1/1
   342 | D:1      | Reached XP level 2. HP: 16/19 MP: 2/2
   731 | D:2      | Slain by a worm

Vault maps used:
D:1:      sevenhm_arrival_forest_fort_small_4
D:2:      chequers_ecumenical_altar_island, tso_metal_star

Skill      XL: |  1  2 |
---------------+-------+-----
Long Blades    | 3 |  3.2
Fighting       | |  3.9
Dodging        | |  2.4
Stealth        | |  2.1

Action                   || total
-------------------------++-------
Melee: Falchion          ||    43
 Stab: Sleeping          ||     1
Armor: Robe              ||     8
Dodge: Dodged            ||    30
       Rpst.: Falchion   ||     8

Table legend:
 A = Spawn XP
 B = Non-spawn XP
 C = Spawn XP percentage of total XP
 D = Spawn monster count
 E = Non-spawn monster count
 F = Spawn count percentage of total count
 G = Total turns spent on level
                    A         B        C        D         E        F      G
               +---------+---------+-------+---------+---------+-------+---------
         Total |       0 |      30 |   0.0 |       0 |      15 |   0.0 |   731
               +---------+---------+-------+---------+---------+-------+---------
           D:1 |       0 |      17 |   0.0 |       0 |      10 |   0.0 |   540
           D:2 |       0 |      13 |   0.0 |       0 |       5 |   0.0 |   191
               +---------+---------+-------+---------+---------+-------+---------
